 Dungeon Crawl Stone Soup version 0.28.0-49-g6dfe1f597d (webtiles) character file.

Game seed: 18433782321026302929

84 Exodus22XD the Poker (level 4, -5/27 (33) HPs)
             Began as a Demonspawn Gladiator on May 15, 2022.
             Slain by a necrophage (6 damage)
             ... on level 4 of the Dungeon.
             The game lasted 00:01:40 (2758 turns).

Exodus22XD the Poker (Demonspawn Gladiator)         Turns: 2758, Time: 00:01:40

HP:   -5/27 (33)    AC:  4    Str: 16    XL:     4   Next: 24%
MP:   4/4           EV: 12    Int: 10    God:
Gold: 152           SH:  0    Dex: 14    Spells: 3/3 levels left

rFire   . . .      SeeInvis .   a - +0 trident
rCold   . . .      Faith    .   (no shield)
rNeg    . . .      Spirit   .   b - +0 leather armour
rPois   .          Reflect  .   c - +0 helmet
rElec   .          Harm     .   (no cloak)
rCorr   .          Rampage  .   (no gloves)
Will    .....                   (no boots)
Stlth   +.........              (no amulet)
HPRegen 0.09/turn               (no ring)
MPRegen 0.09/turn               (no ring)

@: heavily drained
A: demonic touch 2
a: no special abilities


You were on level 4 of the Dungeon.
You visited 1 branch of the dungeon, and saw 4 of its levels.

You collected 152 gold pieces.

Inventory:

Hand Weapons
 a - a +0 trident (weapon)
Missiles
 d - 4 throwing nets (quivered)
Armour
 b - a +0 leather armour (worn)
 c - a +0 helmet (worn)
Scrolls
 e - a scroll of identify {unknown}
 h - a scroll of teleportation {unknown}
 i - a scroll of torment {unknown}
 k - a scroll of blinking {unknown}
 l - 3 scrolls of amnesia {unknown}
 n - 2 scrolls of magic mapping {unknown}
Potions
 f - a potion of haste {unknown}
 g - a potion of flight {unknown}
 j - a potion of degeneration {unknown}
 m - a potion of berserk rage {unknown}
 o - a potion of attraction {unknown}
 p - a potion of heal wounds {unknown}


   Skills:
 + Level 2.2 Fighting
 + Level 3.6 Polearms
 + Level 1.9 Throwing
 + Level 1.1 Armour
 + Level 3.2 Dodging
 + Level 0.9 Stealth


You had 3 spell levels left.
You didn't know any spells.
Your spell library contained the following spells:

 Spells                   Type           Power      Damage    Failure   Level
 Blink                    Tloc           0%         N/A       56%         2
 Lesser Beckoning         Tloc           0%         N/A       80%         3
 Manifold Assault         Tloc           0%         N/A       100%        5


Dungeon Overview and Level Annotations

Branches:
Dungeon (4/15)
 Temple: D:4-7

Altars:
Kikubaaqudgha
Qazlal
Yredelemnul

Shops:
D:3 :


Innate Abilities, Weirdness & Mutations

Your touch may inflict irresistible damage on your foes.


Message History

The necrophage barely misses you.
You barely miss the necrophage.
The necrophage is moderately damaged.
The necrophage hits you but does no damage.
You hit the necrophage but do no damage.
The necrophage is moderately damaged.
The necrophage misses you.
You barely miss the necrophage. Your touch misses the necrophage.
The necrophage is moderately damaged.
The necrophage hits you but does no damage.
You closely miss the necrophage.
The necrophage is moderately damaged.
The necrophage hits you.
You feel drained. The necrophage misses you.
You hit the necrophage but do no damage.
Your touch misses the necrophage.
The necrophage is moderately damaged.
The necrophage hits you.
You closely miss the necrophage. Your touch misses the necrophage.
The necrophage is moderately damaged.
The necrophage misses you.
You hit the necrophage.
The necrophage is moderately damaged.
The necrophage hits you.
You feel drained.
You hit the necrophage.
The necrophage is heavily damaged.
The necrophage hits you but does no damage.
You hit the necrophage.
The necrophage is heavily damaged.
The necrophage barely misses you.
You closely miss the necrophage.
The necrophage is heavily damaged.
The necrophage hits you.
* * * LOW HITPOINT WARNING * * *
You feel drained.
* * * LOW HITPOINT WARNING * * *
Okay, then.
You closely miss the necrophage. Your touch misses the necrophage.
The necrophage is heavily damaged.
The necrophage hits you.
You die...

#......#
#......#
#......#
+......#
#......#
#......#
#...n..#
#...@..#
#......#
##...<.#
#...#.#
#...#.#
#...#.#
#..$#.#
#...#..
#... ##


You could see a necrophage.

Vanquished Creatures
  2 adders (D:3)
  A worm (D:3)
  2 dart slugs
  An orc (D:3)
  8 ball pythons
  5 endoplasms
  3 giant cockroaches
  3 goblins
  4 hobgoblins
  11 jackals
  2 kobolds
  2 quokkas (D:1)
  2 bats
  3 frilled lizards
  4 rats
53 creatures vanquished.

Notes
Turn   | Place    | Note
-------+----------+-------------------------------------------
     0 | D:1      | Exodus22XD the Demonspawn Gladiator began the quest for the
                  | Orb.
     0 | D:1      | Reached XP level 1. HP: 16/16 MP: 1/1
   215 | D:1      | Gained mutation: Your touch may inflict minor irresistible
                  | damage on your foes. [demonic ancestry]
   215 | D:1      | Reached XP level 2. HP: 22/22 MP: 2/2
  1035 | D:2      | Reached XP level 3. HP: 27/27 MP: 3/3
  1271 | D:2      | Found a faded altar of an unknown god.
  1643 | D:3      | HP: 1/27 [poisoned by an adder]
  2065 | D:3      | Gained mutation: Your touch may inflict irresistible damage
                  | on your foes. [demonic ancestry]
  2065 | D:3      | Reached XP level 4. HP: 33/33 MP: 4/4
  2093 | D:3      | Reached skill level 1 in Armour
  2268 | D:3      | Found Fieddun's Book Emporium.
  2549 | D:3      | Found a basalt altar of Yredelemnul.
  2551 | D:3      | Found an ancient bone altar of Kikubaaqudgha.
  2606 | D:3      | Found a stormy altar of Qazlal.
  2739 | D:4      | Noticed a necrophage
  2757 | D:4      | HP: 1/27 [necrophage (3)]
  2758 | D:4      | Slain by a necrophage

Illustrated notes

Levels and vault maps discovered:
D:1:      eino_arrival_tree_alley, layout_basic, chequers_jeans
D:2:      layout_basic, shapermc_ecumenical_altar_hornbeckon
D:3:      layout_loops_ring, minitemple, serial_shops,
          nicolae_shop_window_shopping
D:4:      layout_basic, gammafunk_ghost_cemetery, minmay_misc_feat_encased

Skill      XL: |  1  2  3  4 |
---------------+-------------+-----
Polearms       | 3 |  3.6
Dodging        | 3 |  3.2
Armour         | 1 |  1.1
Fighting       | |  2.2
Throwing       | |  1.9
Stealth        | |  0.9

Action                   |  1- 3 |  4- 6 || total
-------------------------+-------+-------++-------
Melee: Trident           |   100 |    40 ||   140
       Punch             |     3 |       ||     3
       Touch             |    11 |     5 ||    16
 Stab: Sleeping          |     2 |     1 ||     3
Armor: Leather armour    |    25 |     3 ||    28
Dodge: Dodged            |    56 |    13 ||    69
